[Event "Titled Tuesday Blitz October 25 Early 2022"]
[White "Bagwe Gaurang"]
[Black "Predke, Alexandr"]
[WhiteFideId "45039895"]
[BlackFideId "24107581"]
[WhiteElo "1931"]
[BlackElo "2614"]
[Result "0-1"]
[Round "01"]
[TimeControl "180+1"]
[Date "2022.10.25"]
[WhiteClock "0:00:03"]
[BlackClock "0:00:05"]

1. e4 c5 2. Nf3 e6 3. c3 d5 4. exd5 Qxd5 5. d4 Nf6 6. Be2 Nc6 7. O-O Be7 8. Be3 cxd4 9. cxd4 O-O 10. Nc3 Qd8 11. Ne5 Bd7 12. f4 Rc8 13. Bf3 Qb6 14. Qd2 Rfd8 15. Rad1 Be8 16. Kh1 Nb4 17. g4 Nfd5 18. a3 Nxc3 19. bxc3 Nd5 20. c4 Nxe3 21. Qxe3 Qa6 22. c5 b6 23. c6 Qxa3 24. Qxa3 Bxa3 25. Ra1 Bd6 26. Rfc1 Bb8 27. f5 Rxd4 28. Nd7 Bxd7 29. cxd7 Rd8 30. Bc6 Kf8 31. fxe6 fxe6 32. Rf1+ Ke7 33. Rae1 Rd6 34. Ba4 a6 35. Re5 b5 36. Bc2 Rc6 37. Bxh7 Bxe5 38. Bg6 Bf6 39. g5 Bxg5 40. Rf7+ Kd6 41. Be4 Rc1+ 42. Kg2 Bf6 43. h4 Rxd7 44. Rf8 Rd8 45. Rf7 Rc7 46. Rxc7 Kxc7 0-1


[Site "https://www.chess.com"]

[Event "Titled Tuesday Blitz October 25 Early 2022"]
[White "Bortnyk, Olexandr"]
[Black "Mouhamad, Joachim"]
[WhiteFideId "14120828"]
[BlackFideId "656410"]
[WhiteElo "2723"]
[BlackElo "2164"]
[Result "1-0"]
[Round "01"]
[TimeControl "180+1"]
[Date "2022.10.25"]
[WhiteClock "0:00:23"]
[BlackClock "0:00:06"]

1. d4 Nf6 2. Nc3 d5 3. Bf4 c5 4. e3 cxd4 5. exd4 a6 6. Nf3 Nc6 7. Ne5 e6 8. Nxc6 bxc6 9. Bd3 Bd6 10. Bxd6 Qxd6 11. Na4 a5 12. O-O Ba6 13. Bxa6 Rxa6 14. Re1 O-O 15. Rc1 Raa8 16. c4 Ne4 17. f3 Nf6 18. c5 Qf4 19. Rc2 Rfe8 20. Qd2 Qh4 21. Nb6 Ra7 22. g3 Qh5 23. Kg2 Qg6 24. Rc3 Nh5 25. Ra3 h6 26. Kf2 Nf6 27. Re5 Nd7 28. Nxd7 Rxd7 29. Rxa5 f6 30. Re2 e5 31. Ra6 Re6 32. b4 e4 33. b5 f5 34. b6 Qh5 35. Kg1 Qxf3 36. Qe3 Qg4 37. Rf2 Kh7 38. Kg2 Rf7 39. Qf4 Qd1 40. Ra7 Rxa7 41. bxa7 Qa4 42. Qxf5+ Rg6 43. h4 h5 44. Qxh5+ Rh6 45. Qf5+ 1-0


[Site "https://www.chess.com"]

[Event "Titled Tuesday Blitz October 25 Early 2022"]
[White "Caruana, Fabiano"]
[Black "Cadena M, Gustavo Adolfo"]
[WhiteFideId "2020009"]
[BlackFideId "4404815"]
[WhiteElo "2847"]
[BlackElo "2241"]
[Result "1-0"]
[Round "01"]
[TimeControl "180+1"]
[Date "2022.10.25"]
[WhiteClock "0:00:53"]
[BlackClock "0:00:01"]

1. d4 Nf6 2. Nc3 d5 3. Bf4 Bf5 4. e3 c6 5. Bd3 Bg6 6. Nf3 e6 7. Ne5 Nbd7 8. O-O Nxe5 9. dxe5 Nd7 10. Bg3 Qb6 11. Rb1 Nc5 12. b4 Nd7 13. Ne2 Be7 14. Nd4 Qc7 15. f4 Bxd3 16. cxd3 a5 17. b5 c5 18. b6 Nxb6 19. Nb5 Qc6 20. f5 exf5 21. e6 O-O 22. Nc7 Rac8 23. Qb3 Rxc7 24. Bxc7 Qxc7 25. Qxb6 Qxb6 26. exf7+ Rxf7 27. Rxb6 c4 28. Rb5 c3 29. Rc1 Bg5 30. Rxc3 Bxe3+ 31. Kf1 g6 32. Rxd5 f4 33. Ke2 Kg7 34. Kf3 Kh6 35. Rc4 Re7 36. h4 b6 37. a4 Re8 38. Rd7 Rh8 39. g4 Rf8 40. g5+ 1-0


[Site "https://www.chess.com"]

[Event "Titled Tuesday Blitz October 25 Early 2022"]
[White "Decuigniere, Tom"]
[Black "Oparin, Grigoriy"]
[WhiteFideId "26093820"]
[BlackFideId "24125890"]
[WhiteElo "2223"]
[BlackElo "2639"]
[Result "0-1"]
[Round "01"]
[TimeControl "180+1"]
[Date "2022.10.25"]
[WhiteClock "0:00:04"]
[BlackClock "0:00:14"]

1. d4 Nf6 2. c4 e6 3. Nc3 Bb4 4. e3 O-O 5. Bd2 c5 6. a3 Bxc3 7. Bxc3 Ne4 8. Ne2 b6 9. f3 Nxc3 10. Nxc3 Bb7 11. Bd3 cxd4 12. exd4 Qh4+ 13. g3 Qf6 14. Be2 Nc6 15. d5 Nd4 16. O-O exd5 17. cxd5 Rfe8 18. Bd3 Re3 19. Be4 Rc8 20. Kf2 Rcxc3 21. bxc3 Re2+ 22. Kg1 Qh6 23. Rf2 Rxf2 24. Kxf2 Qxh2+ 25. Ke3 Nb5 26. Qd3 Nd6 27. Re1 g6 28. Re2 Qxg3 29. Qd4 Qg5+ 30. Kf2 Qh4+ 31. Kg2 Ba6 32. Rf2 Qg5+ 33. Kh2 Qf4+ 34. Kg2 Qg5+ 35. Kh2 Qh4+ 36. Kg2 f5 37. Qe5 Nf7 38. Qe8+ Kg7 39. Bc2 d6 40. Qd7 Bc4 41. Kg1 Qg3+ 42. Rg2 Qe1+ 43. Kh2 Qh4+ 44. Kg1 Bxd5 45. Ba4 Bxf3 0-1


[Site "https://www.chess.com"]

[Event "Titled Tuesday Blitz October 25 Early 2022"]
[White "Derjabin, Ilja"]
[Black "Sarana, Alexey"]
[WhiteFideId "14104768"]
[BlackFideId "24133795"]
[WhiteElo "2341"]
[BlackElo "2689"]
[Result "0-1"]
[Round "01"]
[TimeControl "180+1"]
[Date "2022.10.25"]
[WhiteClock "0:00:06"]
[BlackClock "0:01:04"]

1. d4 Nf6 2. c4 e6 3. Nc3 d5 4. cxd5 exd5 5. Bg5 Be7 6. e3 Bg4 7. f3 Be6 8. Nge2 c5 9. Nf4 Nc6 10. Nxe6 fxe6 11. Qb3 cxd4 12. Qxb7 Nb4 13. exd4 Nc2+ 14. Kd2 Nxa1 15. Bb5+ Kf7 16. Bxf6 gxf6 17. Rxa1 Qd6 18. Re1 Rab8 19. Qd7 Qxd7 20. Bxd7 Rxb2+ 21. Kd3 Rb6 22. Na4 Ra6 23. Nc5 Bxc5 24. dxc5 Ke7 25. c6 e5 26. Rb1 Ra3+ 27. Ke2 Rxa2+ 28. Ke3 Kd6 29. g4 h5 30. gxh5 Rxh5 31. h3 Rg5 32. Rb7 Rgg2 33. Bf5 Ra3+ 34. Bd3 f5 0-1


[Site "https://www.chess.com"]

[Event "Titled Tuesday Blitz October 25 Early 2022"]
[White "Golubev, Mikhail"]
[Black "Kamsky, Gata"]
[WhiteFideId "14100983"]
[BlackFideId "2000024"]
[WhiteElo "2374"]
[BlackElo "2666"]
[Result "1/2-1/2"]
[Round "01"]
[TimeControl "180+1"]
[Date "2022.10.25"]
[WhiteClock "0:00:04"]
[BlackClock "0:00:19"]

1. e4 c5 2. Nf3 e6 3. d4 cxd4 4. Nxd4 a6 5. Bd3 g6 6. O-O Bg7 7. Be3 Ne7 8. Nc3 O-O 9. Qd2 d5 10. exd5 Nxd5 11. Nxd5 Qxd5 12. c3 Nc6 13. Nxc6 Qxc6 14. Bh6 b6 15. Rfe1 Rd8 16. Bxg7 Kxg7 17. Qc2 Bb7 18. Be4 Qc7 19. Bxb7 Qxb7 20. Rad1 Qc6 21. h3 h5 22. Rd2 Rd5 23. Rxd5 Qxd5 24. c4 Qc6 25. Qc3+ f6 26. Rd1 Rc8 27. b3 e5 28. Qb4 Qc7 29. Rd6 Rb8 30. Qd2 Rb7 31. Qd5 Qf7 32. Qc6 a5 33. Rxf6 Qxf6 34. Qxb7+ Kh6 35. Qc7 e4 36. g3 g5 37. Kg2 Qf3+ 38. Kg1 Qf6 39. Kg2 Qf3+ 40. Kg1 Qf6 1/2-1/2


[Site "https://www.chess.com"]

[Event "Titled Tuesday Blitz October 25 Early 2022"]
[White "Horak, Martin"]
[Black "Salgado Lopez, Ivan"]
[WhiteFideId "367095"]
[BlackFideId "2257327"]
[WhiteElo "2091"]
[BlackElo "2594"]
[Result "0-1"]
[Round "01"]
[TimeControl "180+1"]
[Date "2022.10.25"]
[WhiteClock "0:00:02"]
[BlackClock "0:00:17"]

1. Nf3 d5 2. e3 Nf6 3. c4 e6 4. Nc3 Bd6 5. b3 O-O 6. Bb2 Re8 7. d4 b6 8. Bd3 Bb7 9. O-O a6 10. Qc2 dxc4 11. Bxc4 b5 12. Bd3 Nbd7 13. Ne4 Be7 14. Rac1 Rc8 15. Rfd1 h6 16. Ne5 c6 17. Nc5 Nxc5 18. dxc5 Qc7 19. h3 a5 20. Rd2 Rcd8 21. Rcd1 Rd5 22. Nxf7 Kxf7 23. Bg6+ Kf8 24. Bxe8 Nxe8 25. Qh7 Bf6 26. Bxf6 Nxf6 27. Qh8+ Kf7 28. f3 Qc8 29. Qxc8 Bxc8 30. e4 Rxd2 31. Rxd2 Ke7 32. Kf2 Nd7 33. Rc2 b4 34. Ke3 Ba6 35. f4 e5 36. f5 Nf6 37. g4 Bf1 38. Rh2 Nd7 39. Rh1 Bb5 40. Rc1 Nf6 41. Rh1 Kf7 42. Rg1 Nd7 43. Rc1 Kf6 44. h4 g6 45. Rc2 Ba6 46. Rc1 Bc8 47. Rc2 gxf5 48. gxf5 Kf7 49. Rc1 Nf6 50. Rg1 Bd7 51. Rg6 h5 52. Rg5 Be8 53. Rg2 Ke7 54. Rd2 Nd7 55. Rc2 Bf7 56. Rc1 Nf6 57. Rc2 Ng4+ 58. Kf3 Nf6 59. Ke3 Bg8 60. Rc1 Kd7 61. Rc2 Kc7 62. Rg2 a4 63. Rg6 a3 64. Rxf6 Bxb3 65. Rg6 Bxa2 66. Rg7+ Kd8 67. f6 Ke8 68. Rb7 b3 69. f7+ Kf8 70. Ra7 b2 0-1


[Site "https://www.chess.com"]

[Event "Titled Tuesday Blitz October 25 Early 2022"]
[White "Ibadov, Dashgyn"]
[Black "Bacrot, Etienne"]
[WhiteFideId "24107514"]
[BlackFideId "605506"]
[WhiteElo "2208"]
[BlackElo "2666"]
[Result "0-1"]
[Round "01"]
[TimeControl "180+1"]
[Date "2022.10.25"]
[WhiteClock "0:01:19"]
[BlackClock "0:00:46"]

1. d4 d5 2. c4 c6 3. Nf3 Nf6 4. Nc3 e6 5. Be3 dxc4 6. g3 b5 7. Bg2 Bb7 8. O-O Nbd7 9. Qc2 Be7 10. Bg5 h6 11. Bxf6 Nxf6 12. a4 a6 13. Ne5 Nd5 14. e4 Nb4 15. Qe2 Qxd4 16. Qh5 g6 17. Nxg6 fxg6 18. Qxg6+ Kd7 19. Rad1 Nd3 20. e5 Rag8 21. Qf7 Rf8 22. Qg7 Rhg8 23. Qh7 Rxf2 24. Rxf2 Qxf2+ 25. Kh1 Qf8 26. axb5 axb5 27. Ne4 Qg7 0-1


[Site "https://www.chess.com"]

[Event "Titled Tuesday Blitz October 25 Early 2022"]
[White "Indjic, Aleksandar"]
[Black "Vagman, Roy"]
[WhiteFideId "911925"]
[BlackFideId "2828995"]
[WhiteElo "2592"]
[BlackElo "2174"]
[Result "1/2-1/2"]
[Round "01"]
[TimeControl "180+1"]
[Date "2022.10.25"]
[WhiteClock "0:01:01"]
[BlackClock "0:00:14"]

1. d4 Nf6 2. c4 g6 3. Nc3 Bg7 4. Nf3 d6 5. e4 O-O 6. Be2 Nc6 7. Be3 e5 8. d5 Nb8 9. Nd2 a5 10. a3 Na6 11. b4 axb4 12. axb4 Bd7 13. Rb1 b6 14. O-O Ne8 15. Qb3 f5 16. f3 Nf6 17. Ra1 Nh5 18. c5 Nxb4 19. Qxb4 bxc5 20. Qb3 Rb8 21. Qc2 Nf4 22. Kh1 Kh8 23. Rfb1 Qf6 24. Bf1 Nh5 25. Rxb8 Rxb8 26. Ra7 Qd8 27. Kg1 Bf6 28. Nc4 Rb4 29. Qa2 Kg7 30. Ra8 Rb8 31. Rxb8 Qxb8 32. Qb2 Qa7 33. Nd2 h6 34. Bb5 Bxb5 35. Nxb5 Qa5 36. Nc3 Nf4 37. Nc4 Qxc3 38. Qxc3 Ne2+ 39. Kf1 Nxc3 40. Nd2 fxe4 41. fxe4 Bg5 42. Bxg5 hxg5 43. Kf2 Kf6 44. Ke3 Nb5 45. Nc4 g4 46. g3 Kg5 47. Ke2 Nd4+ 48. Kf2 Kh5 49. Na5 Nf3 50. h4 Nd2 51. Ke3 Nf1+ 52. Kf2 Nd2 53. Ke3 Nb1 54. Nc6 g5 55. hxg5 Kxg5 56. Nd8 Kf6 57. Kd3 Na3 58. Nc6 Nb5 59. Na5 Nd4 60. Ke3 Ke7 61. Kd3 Nf3 62. Nc4 Kd7 63. Ne3 Nh2 64. Ke2 c6 65. Kf2 cxd5 66. exd5 Nf3 67. Nxg4 Ng5 68. Ne3 Ne4+ 69. Kf3 Nf6 70. g4 Ke7 71. g5 Ne8 72. Kg4 Kf7 73. Nc4 Kg6 74. Nd2 Nc7 75. Ne4 Nxd5 76. Nxd6 Ne3+ 77. Kf3 Nf5 78. Nc4 Kxg5 79. Nxe5 Kf6 80. Nc4 Ke6 81. Ke4 Nd6+ 82. Kd3 Kd5 83. Nxd6 Kxd6 84. Kc4 Kc6 85. Kc3 Kd5 86. Kd3 c4+ 87. Kc3 Kc5 88. Kc2 Kd4 89. Kd2 c3+ 90. Kc2 Kc4 91. Kc1 Kb4 92. Kc2 Kc4 93. Kc1 Kd3 94. Kd1 Kd4 95. Kc2 Kc4 1/2-1/2


[Site "https://www.chess.com"]

[Event "Titled Tuesday Blitz October 25 Early 2022"]
[White "Kollars, Dmitrij"]
[Black "Pajeken, Jakob Leon"]
[WhiteFideId "12909572"]
[BlackFideId "12942839"]
[WhiteElo "2584"]
[BlackElo "2429"]
[Result "1-0"]
[Round "01"]
[TimeControl "180+1"]
[Date "2022.10.25"]
[WhiteClock "0:00:13"]
[BlackClock "0:00:06"]

1. d4 d5 2. c4 dxc4 3. Nf3 e6 4. e3 Nf6 5. Bxc4 c5 6. O-O Nc6 7. Qe2 a6 8. Rd1 b5 9. d5 exd5 10. Bxd5 Nxd5 11. e4 Bd6 12. Rxd5 Qe7 13. Rd1 Bg4 14. Be3 O-O 15. Nbd2 Ne5 16. h3 Bh5 17. g4 Nxf3+ 18. Qxf3 Bg6 19. Bf4 Bxf4 20. Qxf4 Rad8 21. f3 c4 22. Nf1 Qc5+ 23. Qe3 Qb4 24. Qc3 Qc5+ 25. Qe3 Qb4 26. Qf2 f6 27. Ne3 Bf7 28. Qc2 Qc5 29. Kf2 g6 30. Qc3 Qc6 31. b4 h6 32. Rd4 Rxd4 33. Qxd4 c3 34. Rc1 Rc8 35. a3 Bb3 36. Ke2 c2 37. Qd3 Ba4 38. Nd5 Kf7 39. Qd4 Qc4+ 40. Ke3 Qxd4+ 41. Kxd4 Ke6 42. Kd3 g5 43. f4 Rd8 44. Ke3 gxf4+ 45. Nxf4+ Ke5 46. Nd3+ Ke6 47. Nc5+ Ke5 48. Nxa4 bxa4 49. Rxc2 Rd1 50. Rc5+ Ke6 51. Ra5 Re1+ 52. Kf4 Rf1+ 53. Kg3 Re1 54. Rxa6+ Ke5 55. Rxa4 Kxe4 56. b5+ Ke5 57. b6 Rb1 58. Rb4 Ra1 59. b7 1-0


[Site "https://www.chess.com"]

[Event "Titled Tuesday Blitz October 25 Early 2022"]
[White "Kuznetsova, Olga"]
[Black "Dubov, Daniil"]
[WhiteFideId "4191323"]
[BlackFideId "24126055"]
[WhiteElo "2134"]
[BlackElo "2791"]
[Result "1/2-1/2"]
[Round "01"]
[TimeControl "180+1"]
[Date "2022.10.25"]
[WhiteClock "0:00:03"]
[BlackClock "0:01:11"]

1. d4 Nf6 2. g3 c5 3. d5 e6 4. dxe6 fxe6 5. Nf3 d5 6. Bg2 Nc6 7. O-O Be7 8. c4 d4 9. Bf4 O-O 10. Ne5 Nxe5 11. Bxe5 Nd7 12. Bf4 e5 13. Bc1 Nf6 14. Nd2 Bf5 15. Bxb7 e4 16. Bxa8 Qxa8 17. e3 Ng4 18. h3 Ne5 19. g4 Be6 20. f4 exf3 21. exd4 cxd4 22. Qe1 f2+ 23. Rxf2 Bh4 24. Rxf8+ Qxf8 25. Qxh4 Nd3 26. Qg3 Nf4 27. Qf3 d3 28. Kh2 Qb8 29. Ne4 Ne2+ 30. Kg2 Bxc4 31. Bd2 h6 32. Rf1 Qxb2 33. Rf2 Qd4 34. Be3 Qd7 35. Qf8+ Kh7 36. Qf5+ Qxf5 37. Rxf5 Bxa2 38. Ra5 Bc4 39. Nd2 Be6 40. Rxa7 Bd5+ 41. Kf2 Kg6 42. Nf3 Nc3 43. Nh4+ Kf6 44. Bd4+ Kg5 45. Bxc3 Kxh4 46. Rxg7 Kxh3 47. Be5 d2 48. Ke2 Bf3+ 49. Kxd2 Bxg4 50. Ke3 h5 51. Kf2 h4 52. Bf6 Bf5 53. Rg5 Bg4 54. Rg6 Bh5 55. Rg1 Bf7 56. Rh1+ Kg4 57. Rxh4+ Kf5 58. Bc3 Bd5 59. Ke3 Bf7 60. Rf4+ Ke6 61. Kd4 Bg6 62. Bb4 Bf5 63. Rh4 Kf6 64. Ke3 Ke5 65. Bc3+ Ke6 66. Kf4 Bd3 67. Rh6+ Kd5 68. Be5 Bc2 69. Rd6+ Kc5 70. Ke3 Bf5 71. Rf6 Bc2 1/2-1/2


[Site "https://www.chess.com"]

[Event "Titled Tuesday Blitz October 25 Early 2022"]
[White "Madaminov, Mukhiddin"]
[Black "Estrada Nieto, Julian"]
[WhiteFideId "14210703"]
[BlackFideId "5101018"]
[WhiteElo "2341"]
[BlackElo "2252"]
[Result "1-0"]
[Round "01"]
[TimeControl "180+1"]
[Date "2022.10.25"]
[WhiteClock "0:01:42"]
[BlackClock "0:00:07"]

1. d4 d5 2. Nc3 Nf6 3. Bf4 Bf5 4. f3 e6 5. g4 Bg6 6. h4 h6 7. e3 Bb4 8. Bd3 Bxd3 9. Qxd3 c5 10. dxc5 Nbd7 11. Ne2 Qa5 12. O-O-O Bxc5 13. g5 Nh5 14. g6 f5 15. e4 Nxf4 16. Nxf4 Qb6 17. Rhe1 fxe4 18. fxe4 O-O 19. Nfxd5 exd5 20. Qxd5+ Kh8 21. Qxd7 Rad8 22. Qg4 Bd4 23. Rd3 Qa5 24. Red1 Bxc3 25. Rxc3 Qxa2 26. Rxd8 Qa1+ 27. Kd2 Rxd8+ 28. Rd3 Rf8 29. Qf5 Kg8 30. Qe6+ Kh8 31. Qf7 Rg8 32. Qxg8+ 1-0


[Site "https://www.chess.com"]

[Event "Titled Tuesday Blitz October 25 Early 2022"]
[White "Maghsoodloo, Parham"]
[Black "Tania, Sachdev"]
[WhiteFideId "12539929"]
[BlackFideId "5007844"]
[WhiteElo "2676"]
[BlackElo "2306"]
[Result "1-0"]
[Round "01"]
[TimeControl "180+1"]
[Date "2022.10.25"]
[WhiteClock "0:01:10"]
[BlackClock "0:00:17"]

1. e4 e5 2. Nf3 Nc6 3. Bb5 a6 4. Ba4 Nf6 5. O-O Be7 6. Re1 b5 7. Bb3 O-O 8. a4 Bb7 9. Nc3 b4 10. Nd5 d6 11. a5 Rb8 12. c3 bxc3 13. dxc3 Nxd5 14. Bxd5 Na7 15. b4 c6 16. Bb3 Bc8 17. Be3 Qc7 18. Bb6 Qb7 19. c4 Be6 20. Rc1 c5 21. bxc5 dxc5 22. Nxe5 Nc8 23. Ba4 Nxb6 24. axb6 Qxb6 25. Nc6 Rb7 26. Rb1 Qc7 27. e5 Rfb8 28. Nxb8 Qxb8 29. Rxb7 Qxb7 30. Qb1 Qc7 31. Qe4 g6 32. h3 Kg7 33. Bc6 Qa5 34. Bd5 Bf5 35. Qe2 Bd3 36. Qd1 Bc2 37. Qa1 Qd2 38. Qc1 Qb4 39. e6 Bg5 40. f4 Bxf4 41. Qa1+ 1-0


[Site "https://www.chess.com"]

[Event "Titled Tuesday Blitz October 25 Early 2022"]
[White "Manukyan, Artyom"]
[Black "Pultinevicius, Paulius"]
[WhiteFideId "13305786"]
[BlackFideId "12809390"]
[WhiteElo "2078"]
[BlackElo "2500"]
[Result "0-1"]
[Round "01"]
[TimeControl "180+1"]
[Date "2022.10.25"]
[WhiteClock "0:00:18"]
[BlackClock "0:00:34"]

1. e4 c5 2. Nc3 e6 3. Nge2 a6 4. g3 b5 5. Bg2 Bb7 6. d4 cxd4 7. Nxd4 Nf6 8. a3 d6 9. O-O Nbd7 10. h3 Qc7 11. g4 h6 12. Re1 Be7 13. f4 Rc8 14. Be3 Nc5 15. Bf2 g5 16. e5 dxe5 17. fxe5 Nfd7 18. Bxb7 Qxb7 19. b4 Na4 20. Nxa4 bxa4 21. Qd3 h5 22. gxh5 Rxh5 23. Qe4 Qxe4 24. Rxe4 Rxh3 25. Kg2 Rh5 26. Re2 Rc3 27. Be1 Rc4 28. c3 g4 29. Nc2 Rxe5 30. Rxe5 Nxe5 31. Ne3 Re4 32. Bf2 Bg5 33. Nf1 f5 34. Rd1 Nc4 35. Ng3 Ne3+ 36. Bxe3 Rxe3 37. Rd6 Bf4 0-1


[Site "https://www.chess.com"]

[Event "Titled Tuesday Blitz October 25 Early 2022"]
[White "Martinez Alcantara, Jose Eduardo"]
[Black "Bilan, Danila"]
[WhiteFideId "3805662"]
[BlackFideId "24161918"]
[WhiteElo "2703"]
[BlackElo "2203"]
[Result "1-0"]
[Round "01"]
[TimeControl "180+1"]
[Date "2022.10.25"]
[WhiteClock "0:00:48"]
[BlackClock "0:00:02"]

1. e4 c6 2. d4 d5 3. e5 c5 4. dxc5 e6 5. Qg4 Nd7 6. Nf3 Qc7 7. Qg3 Ne7 8. Bd3 Nxc5 9. Nc3 Nxd3+ 10. cxd3 Bd7 11. O-O Nf5 12. Qf4 Be7 13. h4 h6 14. Qg4 O-O-O 15. Bd2 Kb8 16. Rac1 Qb6 17. Rc2 Rc8 18. Rfc1 Bc5 19. Nd1 Be7 20. b3 Ba3 21. Rxc8+ Rxc8 22. Rxc8+ Kxc8 23. Ne3 Bf8 24. Nxf5 exf5 25. Qf4 Be6 26. Qa4 Bc5 27. Qe8+ Qd8 28. Qa4 Qb6 29. d4 Be7 30. b4 a6 31. h5 Qb5 32. Qb3 Qc4 33. Qb2 b5 34. a3 Kb7 35. Be3 Kb6 36. Ne1 Bg5 37. f4 Be7 38. Qd2 f6 39. Nd3 Bf7 40. Bf2 Bxh5 41. e6 Be8 42. Nc5 Bc6 43. Kh2 Qa2 44. Qxa2 1-0


[Site "https://www.chess.com"]

[Event "Titled Tuesday Blitz October 25 Early 2022"]
[White "Matlakov, Maxim"]
[Black "Lehtosaari, Mauri"]
[WhiteFideId "4168003"]
[BlackFideId "501999"]
[WhiteElo "2669"]
[BlackElo "2508"]
[Result "1-0"]
[Round "01"]
[TimeControl "180+1"]
[Date "2022.10.25"]
[WhiteClock "0:01:14"]
[BlackClock "0:00:08"]

1. Nf3 d5 2. g3 Nf6 3. Bg2 c6 4. O-O Bf5 5. d3 e6 6. Nh4 Bg6 7. Nxg6 hxg6 8. Nd2 Nbd7 9. e4 Qb6 10. Qe2 Bc5 11. c3 Qa6 12. e5 Ng8 13. Nf3 Ne7 14. a4 Nf5 15. Qc2 b6 16. d4 Be7 17. h4 Rc8 18. b4 c5 19. b5 Qb7 20. Qe2 cxd4 21. cxd4 Rc4 22. Rd1 Qc8 23. Bf4 Rc2 24. Rac1 Rxc1 25. Rxc1 Qb7 26. Qc2 Kd8 27. Bh3 Ba3 28. Ra1 Be7 29. Bxf5 gxf5 30. Bg5 Bxg5 31. Nxg5 Ke7 32. Rc1 f6 33. exf6+ gxf6 34. Nh3 Rg8 35. Nf4 a6 36. Qc3 axb5 37. axb5 Kf7 38. h5 Rh8 39. Re1 Re8 40. Qf3 Qc7 41. h6 Qc2 42. Qh5+ Kf8 43. h7 Kg7 1-0


[Site "https://www.chess.com"]

[Event "Titled Tuesday Blitz October 25 Early 2022"]
[White "Paravyan, David"]
[Black "Vusatiuk, Vladimir"]
[WhiteFideId "4194985"]
[BlackFideId "14118610"]
[WhiteElo "2555"]
[BlackElo "2208"]
[Result "1-0"]
[Round "01"]
[TimeControl "180+1"]
[Date "2022.10.25"]
[WhiteClock "0:01:07"]
[BlackClock "0:00:15"]

1. e4 c5 2. Nf3 Nc6 3. Nc3 Nf6 4. Bb5 Na5 5. e5 a6 6. Be2 Nh5 7. d4 cxd4 8. Nxd4 g6 9. Bxh5 gxh5 10. Qxh5 Qb6 11. Nde2 Qg6 12. Qf3 Nc6 13. Nd5 Nxe5 14. Qc3 Qxg2 15. Qxe5 Qxh1+ 16. Kd2 Bh6+ 17. f4 Bf8 18. Nf6+ Kd8 19. Qa5+ b6 20. Qxb6# 1-0


[Site "https://www.chess.com"]

[Event "Titled Tuesday Blitz October 25 Early 2022"]
[White "Pranav, V"]
[Black "Salman, Pavel"]
[WhiteFideId "25060783"]
[BlackFideId "24153753"]
[WhiteElo "2430"]
[BlackElo "2187"]
[Result "1-0"]
[Round "01"]
[TimeControl "180+1"]
[Date "2022.10.25"]
[WhiteClock "0:00:26"]
[BlackClock "0:00:14"]

1. Nf3 c5 2. c4 b6 3. Nc3 Bb7 4. e3 Nf6 5. Be2 e6 6. O-O Be7 7. b3 O-O 8. Bb2 a6 9. d4 cxd4 10. Nxd4 d6 11. Bf3 Qc7 12. Rc1 Nbd7 13. h3 Rac8 14. Bxb7 Qxb7 15. Qe2 Rfd8 16. Rfd1 Bf8 17. e4 Nc5 18. f3 g6 19. Qe3 Bg7 20. Nde2 b5 21. b4 Ncd7 22. cxb5 axb5 23. Rxd6 Ne5 24. Rxd8+ Rxd8 25. Rc2 Nc4 26. Qc5 Nd7 27. Qf2 Nxb2 28. Rxb2 Nb6 29. Rb1 Rd2 30. Qc5 Na4 31. Nxa4 Rxe2 32. Rd1 h5 33. Nb6 Rxa2 34. Rd8+ Kh7 35. Kh2 h4 36. Nd7 Ra1 37. Qg5 Qc7+ 38. e5 Qc1 39. Qxh4+ Bh6 40. Nf6+ Kg7 41. Rg8# 1-0


[Site "https://www.chess.com"]

[Event "Titled Tuesday Blitz October 25 Early 2022"]
[White "Ristic, Nebojsa B"]
[Black "Sanal, Vahap"]
[WhiteFideId "935468"]
[BlackFideId "6300545"]
[WhiteElo "2320"]
[BlackElo "2574"]
[Result "0-1"]
[Round "01"]
[TimeControl "180+1"]
[Date "2022.10.25"]
[WhiteClock "0:00:57"]
[BlackClock "0:00:12"]

1. d4 d6 2. Bf4 g6 3. e4 Bg7 4. Qd2 a6 5. Nc3 b5 6. Nf3 Bb7 7. Bd3 Nd7 8. O-O c5 9. dxc5 Nxc5 10. Rfe1 Nf6 11. e5 dxe5 12. Nxe5 O-O 13. Bh6 b4 14. Ne2 Qd5 15. Nf3 Nxd3 16. cxd3 Bxh6 17. Qxh6 Qxd3 18. Nf4 Qf5 19. Re5 Ng4 20. Rxf5 Nxh6 21. Rc5 Bxf3 22. gxf3 Nf5 23. Rc7 Rfd8 24. b3 Rd4 25. Ne2 Rd2 26. Ng3 Nd4 27. Kg2 Re8 28. Ne4 Rb2 29. Rd1 Ne6 30. Ra7 Rxa2 31. Rdd7 Kf8 32. Rdb7 a5 33. Rxb4 Rxf2+ 34. Kxf2 axb4 35. Rb7 Ra8 36. Rxb4 Ra2+ 37. Kg3 f5 38. Nc3 f4+ 39. Kh3 Rf2 40. Nd5 Rxf3+ 41. Kg4 Rf2 42. Nxf4 Nc5 43. Rb8+ Kf7 44. b4 h5+ 45. Kh3 Nd7 46. Rb7 Rxf4 47. Rxd7 Rxb4 48. Rd3 e5 49. Rf3+ Rf4 50. Ra3 Kf6 51. Kg3 Kf5 52. h3 Rb4 53. Ra8 Rb3+ 54. Kg2 g5 55. Rf8+ Ke4 56. Rg8 Kf4 57. Rf8+ Ke3 58. Rb8 Rxb8 0-1


[Site "https://www.chess.com"]

[Event "Titled Tuesday Blitz October 25 Early 2022"]
[White "Seemann, Jakub"]
[Black "Firouzja, Alireza"]
[WhiteFideId "21874697"]
[BlackFideId "12573981"]
[WhiteElo "2275"]
[BlackElo "2903"]
[Result "0-1"]
[Round "01"]
[TimeControl "180+1"]
[Date "2022.10.25"]
[WhiteClock "0:00:27"]
[BlackClock "0:01:47"]

1. d4 Nf6 2. c4 c5 3. d5 e5 4. Nc3 d6 5. g3 g6 6. Bg2 Bg7 7. e4 O-O 8. Nge2 Nbd7 9. h3 Ne8 10. g4 a6 11. Be3 b5 12. cxb5 axb5 13. Nxb5 Ba6 14. Nbc3 Rb8 15. Qc2 Bf6 16. Qc1 Bh4 17. O-O Ng7 18. Re1 f5 19. f4 Bxe1 20. Qxe1 Rxb2 21. gxf5 gxf5 22. Ng3 fxe4 23. fxe5 Nxe5 24. Ngxe4 Nf5 25. Bg5 Qe8 26. Kh1 Qg6 27. Qc1 Rxg2 28. Kxg2 h6 29. h4 Nxh4+ 0-1


[Site "https://www.chess.com"]

[Event "Titled Tuesday Blitz October 25 Early 2022"]
[White "Sernecki, Franciszek"]
[Black "Jobava, Baadur"]
[WhiteFideId "1169297"]
[BlackFideId "13601520"]
[WhiteElo "2209"]
[BlackElo "2582"]
[Result "1/2-1/2"]
[Round "01"]
[TimeControl "180+1"]
[Date "2022.10.25"]
[WhiteClock "0:00:19"]
[BlackClock "0:00:02"]

1. c4 e5 2. Nc3 d6 3. g3 c6 4. Bg2 f5 5. d4 Nf6 6. dxe5 dxe5 7. Qxd8+ Kxd8 8. Bg5 Ke8 9. O-O-O Be6 10. b3 Nbd7 11. Kb2 h6 12. Bc1 Bc5 13. f3 Ke7 14. Nh3 Rhd8 15. Rd3 Bd4 16. e3 Nc5 17. Rdd1 Bxc3+ 18. Kxc3 Kf7 19. Nf2 b5 20. cxb5 cxb5 21. Rxd8 Rxd8 22. Rd1 Rc8 23. Kb2 e4 24. fxe4 fxe4 25. Rd4 Bf5 26. Bd2 Nd3+ 27. Nxd3 exd3 28. Bc3 a5 29. a3 Bg6 30. e4 Re8 31. Rxd3 Bxe4 32. Bxe4 Rxe4 33. Bxf6 Kxf6 34. Rd5 Re2+ 35. Kc3 Rxh2 36. Rxb5 Rg2 37. Rxa5 Rxg3+ 38. Kb2 g5 39. b4 h5 40. b5 Re3 41. b6 Re8 42. b7 Rb8 43. Rb5 h4 44. a4 h3 45. Rb6+ Kf5 46. Ka3 h2 47. Rh6 Rxb7 48. Rxh2 g4 49. a5 g3 50. Rg2 Kf4 51. Ka4 Kf3 52. Ra2 Rg7 53. a6 g2 54. Rxg2 Rxg2 55. Kb5 Rb2+ 56. Kc6 Ra2 57. Kb7 Ke4 58. a7 Rb2+ 59. Ka8 Kd5 1/2-1/2


[Site "https://www.chess.com"]